 Dungeon Crawl Stone Soup version 0.32-a0-7-ge934b4519a (webtiles) character file.

Game seed: 17531860835075798543

90 Xavori the Trooper (level 4, 5/35 HPs)
             Began as a Djinni Chaos Knight on Jan 14, 2024.
             Was a Plaything of Xom.
             Quit the game on level 2 of the Dungeon.
             The game lasted 00:01:56 (10357 turns).

Xavori the Trooper (Djinni Chaos Knight)           Turns: 10357, Time: 00:01:56

Health: 5/35       AC:  5    Str: 10 (11) XL:     4   Next: 85%
Gold:   64         EV: 12    Int: 14      God:    Xom [.....*] SH:  0 Dex: 11 (14)

rFire   + + .        (no weapon)
rCold   x . .        (no shield)
rNeg    . . .        b - +2 leather armour
rPois   ∞            (no helmet)
rElec   .            (no cloak)
rCorr   .            (no gloves)
SInv    .            (boots unavailable)
Will    .....        (no amulet)
Stlth   +            (no ring)
HPRegen 0.25/turn    (no ring)
MPRegen 0.00/turn

%: clarity
@: flying
A: sickness immunity, fire resistance 2, cold vulnerability 1, float, innate
caster, HP casting, extra vitality 1, clarity, deterioration 1, subdued magic 1,
inability to read after injury 1, MP-powered wands
a: Renounce Religion


You were on level 2 of the Dungeon.
You worshipped Xom.
You were Xom's teddy bear.
You visited 1 branch of the dungeon, and saw 2 of its levels.

You collected 64 gold pieces.

Inventory:

Armour
 b - a +2 leather armour (worn)
 s - a +0 ring mail of willpower
Wands
 m - a wand of flame (15)
Scrolls
 c - a scroll of butterflies
 d - 3 scrolls of identify {unknown}
 g - a scroll of blinking {unknown}
 h - 2 scrolls of amnesia {unknown}
 k - a scroll of revelation {unknown}
 o - a scroll of fear {unknown}
 p - a scroll of torment {unknown}
 q - a scroll of fog {unknown}
Potions
 e - a potion of heal wounds {unknown}
 f - a potion of ambrosia {unknown}
 i - 2 potions of haste {unknown}
 j - 3 potions of lignification {unknown}
 l - a potion of might {unknown}
 n - a potion of enlightenment {unknown}
 r - a potion of mutation {unknown}


   Skills:
 + Level 3.4 Fighting
 + Level 3.1 Long Blades
 + Level 1.8 Armour
 + Level 2.8 Dodging
 * Level 1.6 Spellcasting
 * Level 1.6 Conjurations
 * Level 1.6 Hexes
   Level 0.0 Charms
 * Level 1.6 Summonings
 * Level 1.6 Necromancy
 * Level 1.6 Translocations
   Level 0.0 Transmutations
 * Level 1.6 Fire Magic
 * Level 1.6 Ice Magic
 * Level 1.6 Air Magic
 * Level 1.6 Earth Magic
 * Level 1.6 Alchemy


You knew the following spells:

 Your Spells              Type           Power      Damage    Failure   Level
a - Sandblast             Erth           8%         2d5       14%         1
Your spell library was empty.

Dungeon Overview and Level Annotations

Branches:
Dungeon (2/15)

Altars:
Xom


Innate Abilities, Weirdness & Mutations

You are immune to sickness and miasma.
You are immune to poison.
Your flesh is very heat resistant. (rF++)
You are vulnerable to cold. (rC-)
You float through the air rather than walking.
You learn spells naturally, not from books.
Your magical power is your life essence.
You have superior vitality. (+4 MHP)
You possess an exceptional clarity of mind.
Your body sometimes deteriorates upon taking damage.
Your spells are a little easier to cast, but a little less powerful.
You occasionally lose the ability to read scrolls when taking damage.
You expend health (3 HP) to strengthen your wands.


Message History

The ribbon worm is moderately wounded.
The ribbon worm bites you.
* * * LOW HITPOINT WARNING * * *
You hit the ribbon worm.
The ribbon worm is moderately wounded.
The ribbon worm expels a string of sticky webbing.
The stream of webbing hits you but does no damage.
You are caught in a web!
The web tears apart.
You barely miss the ribbon worm.
The ribbon worm is moderately wounded.
The ribbon worm bites you.
* * * LOW HITPOINT WARNING * * *
You hit the ribbon worm.
The ribbon worm is moderately wounded.
The ribbon worm bites you but does no damage.
Unknown command.
You hit the ribbon worm.
The ribbon worm is moderately wounded. "The weather's been a little too boring around here."
The ribbon worm expels a string of sticky webbing.
The stream of webbing hits you but does no damage.
You are caught in a web!
The web tears apart.
The ribbon worm barely misses you.
You completely miss the ribbon worm.
The ribbon worm is moderately wounded.
You hit the ribbon worm.
The ribbon worm is moderately wounded.
The ribbon worm bites you.
* * * LOW HITPOINT WARNING * * *
You hit the ribbon worm.
The ribbon worm is moderately wounded.
The ribbon worm barely misses you.
The ribbon worm expels a string of sticky webbing.
The stream of webbing hits you but does no damage.
You are caught in a web!
There is a web here.
The web tears apart.
You see here a +0 falchion of chaos.
Are you sure you want to abandon this character and quit the game? (Confirm with "yes".)

.#.########
.#........#
####.####.#
.#...####.####
#############
.#.#..).[....#
#§§§§§§§.....
...#.####.##.#
#.###########
####.# #.##.# #w#
# #.#
#.##.####.###....
#.#
..##....@.....#
#..
..#######.#####
#.# ..## #.# ..
.# #.# #### #.#
#... ###.# #.##
#.# #...# #.# #(#
#.###
##########.# ###
#.# #.#
#..........##


You could see a ribbon worm.

Vanquished Creatures
  5 adders (D:2)
  A dart slug (D:1)
  7 bats
  3 endoplasms
  2 giant cockroaches (D:2)
  3 goblins
  A hobgoblin (D:1)
  6 jackals
  6 ball pythons
  2 frilled lizards (D:1)
  2 kobolds
  5 rats
43 creatures vanquished.

Notes
Turn   | Place    | Note
-------+----------+-------------------------------------------
     0 | D:1      | Xavori the Djinni Chaos Knight began the quest for the Orb.
     0 | D:1      | Reached XP level 1. HP: 20/20 MP: 0/0
   111 | D:1      | Reached XP level 2. HP: 25/25 MP: 0/0
   312 | D:1      | Reached XP level 3. HP: 30/30 MP: 0/0
   312 | D:1      | Learned a level 1 spell: Sandblast
   527 | D:1      | You are sucked into a shaft and drop 1 floor!
   551 | D:2      | Reached skill level 1 in Spellcasting
   551 | D:2      | Reached skill level 1 in Conjurations
   551 | D:2      | Reached skill level 1 in Hexes
   551 | D:2      | Reached skill level 1 in Summonings
   551 | D:2      | Reached skill level 1 in Necromancy
   551 | D:2      | Reached skill level 1 in Translocations
   551 | D:2      | Reached skill level 1 in Fire Magic
   551 | D:2      | Reached skill level 1 in Ice Magic
   551 | D:2      | Reached skill level 1 in Air Magic
   551 | D:2      | Reached skill level 1 in Earth Magic
   551 | D:2      | Reached skill level 1 in Alchemy
   610 | D:1      | XOM: silly message
   854 | D:1      | XOM: silly message
   893 | D:2      | XOM: silly message
   899 | D:2      | Reached XP level 4. HP: 35/35 MP: 0/0
  1912 | D:1      | XOM: silly message
  2150 | D:1      | XOM: cloud trail
  3001 | D:1      | XOM is BORED!
  3001 | D:1      | XOM: noise
  3437 | D:1      | XOM: silly message
  4314 | D:1      | XOM is BORED!
  4314 | D:1      | XOM: silly message
  4551 | D:1      | XOM: divination: magic mapping
  4625 | D:1      | XOM: silly message
  4664 | D:1      | XOM: divination: detect creatures
  4871 | D:1      | XOM: noise
  5346 | D:1      | XOM: give mutations
  5346 | D:1      | Gained mutation: You are clumsy. (Dex -2) [Xom's mischief]
  5346 | D:1      | Gained mutation: Your spells are a little easier to cast,
                  | but a little less powerful. [Xom's mischief]
  5346 | D:1      | Gained mutation: You occasionally lose the ability to drink
                  | potions when taking damage. [Xom's mischief]
  5346 | D:1      | Gained mutation: Your muscles are strong. (Str +4, Int/Dex
                  | -1) [Xom's mischief]
  5471 | D:1      | XOM is BORED!
  6243 | D:1      | XOM: summons 3 hostile demons
  6440 | D:2      | XOM: 3-stop teleportation journey
  7144 | D:1      | XOM: give mutation
  7144 | D:1      | Gained mutation: You occasionally lose the ability to read
                  | scrolls when taking damage. [Xom's mischief]
  7299 | D:1      | XOM: give mutations
  7299 | D:1      | Gained mutation: Your body sometimes deteriorates upon
                  | taking damage. [Xom's mischief]
  7299 | D:1      | Lost mutation: Your muscles are strong. (Str +4, Int/Dex
                  | -1) [Xom's mischief]
  7299 | D:1      | Gained mutation: You expend health (3 HP) to strengthen
                  | your wands. [Xom's mischief]
  7299 | D:1      | Lost mutation: You occasionally lose the ability to drink
                  | potions when taking damage. [Xom's mischief]
  7823 | D:1      | XOM: scenery: summon butterflies
  8150 | D:1      | XOM: give mutations
  8150 | D:1      | Gained mutation: You possess an exceptional clarity of
                  | mind. [Xom's grace]
  8150 | D:1      | Lost mutation: You are clumsy. (Dex -2) [Xom's grace]
  9673 | D:1      | XOM: scenery: create altars
  9923 | D:1      | XOM is BORED!
  9923 | D:1      | XOM: stat loss: -2 Dex (12/14)
 10343 | D:2      | XOM: fog
 10357 | D:2      | Quit the game

Illustrated notes

Levels and vault maps discovered:
D:1:      dpeg_arrival_pits, layout_loops_cross, skrybe_limestone_x,
          minmay_tetromino_o2
D:2:      layout_loops_ring

Skill      XL: |  1  2  3 |
---------------+----------+-----
Spellcasting   | 1 |  1.6
Conjurations   | 1 |  1.6
Hexes          | 1 |  1.6
Summonings     | 1 |  1.6
Necromancy     | 1 |  1.6
Translocations | 1 |  1.6
Fire Magic     | 1 |  1.6
Ice Magic      | 1 |  1.6
Air Magic      | 1 |  1.6
Earth Magic    | 1 |  1.6
Alchemy        | 1 |  1.6
Long Blades    | 3 |  3.1
Fighting       | |  3.4
Armour         | |  1.8
Dodging        | |  2.8

Action                     |  1- 3 |  4- 6 || total
---------------------------+-------+-------++-------
  Melee: Falchion          |    71 |    41 ||   112
         Unarmed           |       |    48 ||    48
   Stab: Sleeping          |     1 |       ||     1
         Petrifying        |       |     1 ||     1
 Armour: Leather armour    |    67 |    53 ||   120
  Dodge: Dodged            |    54 |    59 ||   113

Table legend: (Time is in decaauts)
 A = Elapsed time spent in this place.
 B = Non-inter-level travel time spent in this place.
 C = Inter-level travel time spent in this place.
 D = Time resting spent in this place.
 E = Time spent auto-exploring this place.
 F = Levels seen in this place.
 G = Mean time per level.
                   A        B        C        D        E       F      G
               +--------+--------+--------+--------+--------+-----+--------+
         Total |  10377 |  10324 |     53 |   9012 |    963 |   2 | 5188.5 |
       Dungeon |  10377 |  10324 |     53 |   9012 |    963 |   2 | 5188.5 |
               +--------+--------+--------+--------+--------+-----+--------+

Top non-repeatable levels by time:
     D:1: 9599 daAuts
     D:2: 778 daAuts
